[Event "Titled Tuesday Blitz April 11 Early 2023"]
[White "Baches Garcia, Guillermo"]
[Black "Siva Mahadevan"]
[WhiteFideId "2209764"]
[BlackFideId "25043153"]
[WhiteElo "2464"]
[BlackElo "2249"]
[Result "0-1"]
[Round "01"]
[TimeControl "180+2"]
[Date "2023.04.11"]
[WhiteClock "0:00:08"]
[BlackClock "0:00:45"]

1. e4 c5 2. Nf3 Nc6 3. d4 cxd4 4. Nxd4 Nf6 5. Nc3 d6 6. Nd5 Nxd5 7. exd5 Qa5+ 8. Bd2 Qxd5 9. Nb5 Qe6+ 10. Be2 Qd7 11. c4 a6 12. Nc3 e6 13. Na4 Qc7 14. O-O Be7 15. Be3 O-O 16. Bb6 Qb8 17. f4 Bd8 18. Kh1 Bc7 19. Bd3 Bd7 20. Rf3 f5 21. Rh3 Ne7 22. Bd4 b5 23. Qh5 h6 24. Bxg7 Kxg7 25. Qxh6+ Kf7 26. Qh5+ Ng6 27. Qh7+ Kf6 28. Qxd7 Rf7 29. Qc6 bxa4 30. Re1 Nxf4 31. Rh6+ Kg7 0-1


[Site "https://www.chess.com"]

[Event "Titled Tuesday Blitz April 11 Early 2023"]
[White "Costachi, Mihnea"]
[Black "Adelman, Charles"]
[WhiteFideId "1217518"]
[BlackFideId "2003597"]
[WhiteElo "2456"]
[BlackElo "2461"]
[Result "1-0"]
[Round "01"]
[TimeControl "180+2"]
[Date "2023.04.11"]
[WhiteClock "0:00:23"]
[BlackClock "0:00:04"]

1. e4 Nf6 2. Nc3 d6 3. d4 Nbd7 4. Nf3 e5 5. Be2 Be7 6. O-O O-O 7. h3 c6 8. Be3 Qe8 9. a4 a5 10. Re1 Bd8 11. dxe5 dxe5 12. Qd6 Qe7 13. Qd3 Bc7 14. Red1 Nc5 15. Qc4 Ne6 16. Nh4 Nf4 17. Nf5 Bxf5 18. exf5 Nxe2+ 19. Qxe2 e4 20. Bd4 Rad8 21. Bxf6 Qxf6 22. Qxe4 Be5 23. Rxd8 Rxd8 24. Re1 Bd6 25. Qg4 h6 26. Rd1 Qe5 27. g3 Re8 28. f6 g6 29. Qd7 Bc5 30. Kg2 h5 31. h4 Rf8 32. Qxb7 Qxf6 33. Ne4 Qe5 34. Qxc6 Bd4 35. c3 Ba7 36. Qd5 Qe7 37. Ng5 Re8 38. Qd7 Qxd7 39. Rxd7 Bc5 40. Kf3 Re1 41. Ne4 Bb6 42. Rb7 1-0


[Site "https://www.chess.com"]

[Event "Titled Tuesday Blitz April 11 Early 2023"]
[White "Manukian, Artak"]
[Black "Cornette, Matthieu"]
[WhiteFideId "13301373"]
[BlackFideId "620084"]
[WhiteElo "2130"]
[BlackElo "2478"]
[Result "0-1"]
[Round "01"]
[TimeControl "180+2"]
[Date "2023.04.11"]
[WhiteClock "0:00:07"]
[BlackClock "0:00:19"]

1. e4 Nf6 2. Nc3 d6 3. d4 e5 4. dxe5 dxe5 5. Qxd8+ Kxd8 6. Bg5 Be6 7. O-O-O+ Nd7 8. Nd5 Kc8 9. Nxf6 Nxf6 10. Kb1 Bd6 11. Bxf6 gxf6 12. Ne2 Bc5 13. f3 h5 14. Ng3 h4 15. Nf5 a5 16. Be2 b6 17. g4 hxg3 18. hxg3 Kb7 19. g4 a4 20. Ng3 a3 21. b3 Be3 22. Rxh8 Rxh8 23. Rh1 Rxh1+ 24. Nxh1 Kc6 25. c3 Kc5 26. Kc2 b5 27. Ng3 b4 28. c4 Kd4 29. Nf5+ Bxf5 30. gxf5 Bf4 31. c5 Ke3 32. Bc4 Kxf3 33. Bd5 Be3 34. c6 Ke2 35. Bc4+ Kf3 36. Bd5 Bd4 37. Kd3 Kf2 38. Kc4 Bc3 39. Kd3 Kf3 40. Kc2 Ke3 41. Kc1 Kd3 42. Kb1 Bb2 0-1


[Site "https://www.chess.com"]

[Event "Titled Tuesday Blitz April 11 Early 2023"]
[White "Zemlyanskii, Ivan"]
[Black "Grot, Blazej"]
[WhiteFideId "24249971"]
[BlackFideId "21835845"]
[WhiteElo "2419"]
[BlackElo "1823"]
[Result "0-1"]
[Round "01"]
[TimeControl "180+2"]
[Date "2023.04.11"]
[WhiteClock "0:00:03"]
[BlackClock "0:00:38"]

1. d4 Nf6 2. c4 g6 3. h4 d5 4. cxd5 Nxd5 5. e4 Nb6 6. h5 Bg7 7. Nf3 O-O 8. hxg6 hxg6 9. Bh6 Bxh6 10. Rxh6 Bg4 11. Qd2 Bxf3 12. gxf3 Kg7 13. Rh4 Rh8 14. Rxh8 Qxh8 15. Nc3 Nc6 16. d5 Ne5 17. Qe3 Qh6 18. f4 Ng4 19. Qd2 Qh2 20. f5 Rh8 21. Nb5 Qe5 22. Qd4 gxf5 23. Qxe5+ Nxe5 24. exf5 Nxd5 25. O-O-O c6 26. Nd4 Rh2 27. Rd2 Rh1 28. Rd1 Rh2 29. Rd2 Rh1 30. Rd1 Kf6 31. Bg2 Nd3+ 32. Kd2 Rxd1+ 33. Kxd1 Ke5 34. Bxd5 Kxd5 35. Nf3 Nxf2+ 36. Ke2 Ng4 37. Ng5 Ne5 38. Ke3 e6 39. f6 Ng4+ 40. Kd3 Nxf6 41. Nxf7 Nd7 42. Nd8 b6 43. b4 Ne5+ 44. Kc3 Kd6 45. Kd4 Nf3+ 46. Ke3 Ne1 47. Nf7+ Ke7 48. Ne5 Nc2+ 49. Kd3 Nxb4+ 50. Kc4 c5 51. a3 Kd6 52. Nc6 Nxc6 0-1


[Site "https://www.chess.com"]

[Event "Titled Tuesday Blitz April 11 Early 2023"]
[White "Maxfan2008"]
[Black "Ashraf, Artin"]
[BlackFideId "22514805"]
[WhiteElo "2460"]
[BlackElo "2188"]
[Result "0-1"]
[Round "01"]
[TimeControl "180+2"]
[Date "2023.04.11"]
[WhiteClock "0:00:08"]
[BlackClock "0:00:07"]

1. d4 Nf6 2. c4 c5 3. d5 e5 4. Nc3 d6 5. e4 g6 6. g3 Bg7 7. Bg2 h5 8. h3 Bh6 9. Nge2 Bxc1 10. Qxc1 h4 11. g4 Nh7 12. Qh6 Qf6 13. Qe3 Nd7 14. O-O a6 15. f4 exf4 16. Rxf4 Qe7 17. Raf1 Ne5 18. b3 Bd7 19. Nc1 O-O 20. Nd3 f6 21. Ne2 b5 22. R4f2 bxc4 23. bxc4 Nxc4 24. Qh6 Qg7 25. Qxh4 Ng5 26. Qg3 Nd2 27. Qxd6 Ndxe4 28. Qc7 Nxf2 29. Rxf2 Rac8 30. Qa7 c4 31. Nc5 Bb5 32. Qb6 Qc7 33. Qxc7 Rxc7 34. Ne6 Nxe6 35. dxe6 Kg7 36. Nc3 Rd8 37. Nd5 Rc5 38. Rxf6 c3 39. Rf7+ Kh6 40. e7 Rdxd5 41. Bxd5 Rxd5 42. h4 c2 43. g5+ Kh5 44. Rh7+ Kg4 0-1


[Site "https://www.chess.com"]

[Event "Titled Tuesday Blitz April 11 Early 2023"]
[White "Real_OceanStorm"]
[Black "Yosha_Iglesias"]
[WhiteElo "2804"]
[BlackElo "2458"]
[Result "1-0"]
[Round "01"]
[TimeControl "180+2"]
[Date "2023.04.11"]
[WhiteClock "0:00:13"]
[BlackClock "0:00:29"]

1. e4 c5 2. Nf3 d6 3. c3 Nf6 4. Qc2 Qc7 5. d4 cxd4 6. Nxd4 a6 7. Nf3 Nc6 8. Bc4 e6 9. O-O Be7 10. Bf4 O-O 11. a4 h6 12. Rd1 e5 13. Be3 Bg4 14. Nbd2 Rac8 15. b4 Bxf3 16. gxf3 Nxb4 17. cxb4 b5 18. axb5 axb5 19. Ra7 Qc6 20. Rxe7 bxc4 21. Qc3 d5 22. Bc5 dxe4 23. Rxe5 exf3 24. Bxf8 Kxf8 25. Rc5 Qb7 26. Qxf3 1-0


[Site "https://www.chess.com"]

[Event "Titled Tuesday Blitz April 11 Early 2023"]
[White "Sowul, Bartosz"]
[Black "Timofeev, Artyom"]
[WhiteFideId "1137590"]
[BlackFideId "4140419"]
[WhiteElo "2188"]
[BlackElo "2586"]
[Result "0-1"]
[Round "01"]
[TimeControl "180+2"]
[Date "2023.04.11"]
[WhiteClock "0:00:05"]
[BlackClock "0:01:15"]

1. e4 e5 2. Nf3 Nf6 3. Nc3 Nc6 4. d4 exd4 5. Nd5 Be7 6. Bc4 O-O 7. O-O d6 8. Nxd4 Nxd4 9. Qxd4 Nxd5 10. Bxd5 Bf6 11. Qd3 Rb8 12. c3 Be6 13. Bd2 Re8 14. Rae1 c6 15. Bxe6 Rxe6 16. f4 h6 17. Kh1 Qb6 18. b4 Rbe8 19. f5 R6e7 20. Bf4 d5 21. Bd6 Rxe4 22. Rxe4 Rxe4 23. a4 Qd8 24. Bc5 b6 25. Bd4 Bxd4 26. cxd4 Qf6 27. Qg3 Rxd4 28. Qb8+ Kh7 29. Qxa7 Rxb4 30. a5 bxa5 31. Qxa5 Rc4 32. Qd2 d4 33. h3 c5 34. Qf4 Rc2 35. g4 Qc6+ 36. Rf3 Rf2 0-1


[Site "https://www.chess.com"]

[Event "Titled Tuesday Blitz April 11 Early 2023"]
[White "Asis Gargatagli, Hipolito"]
[Black "Sandro970"]
[WhiteFideId "2260735"]
[WhiteElo "2557"]
[BlackElo "2457"]
[Result "1-0"]
[Round "01"]
[TimeControl "180+2"]
[Date "2023.04.11"]
[WhiteClock "0:02:01"]
[BlackClock "0:01:38"]

1. e4 c5 2. Nf3 Nc6 3. Bb5 g6 4. O-O Bg7 5. c3 d6 6. d4 cxd4 7. cxd4 Bd7 8. Re1 e6 9. Nc3 Nce7 10. Bf4 Nc8 11. Rc1 Nge7 12. Qd2 O-O 13. Bh6 a6 14. Bd3 Nc6 15. Bxg7 Kxg7 16. d5 Ne5 17. Nxe5 dxe5 18. Red1 Qa5 19. h4 h6 20. Qe3 Ne7 21. Qg3 f6 22. Bc4 exd5 23. Nxd5 Nxd5 24. Bxd5 Rab8 25. Bb3 Bc6 26. Rxc6 Rbd8 27. Rcc1 Rd2 28. Rxd2 Qxd2 29. Rc7+ Kh8 30. Qxg6 Qc1+ 31. Rxc1 1-0


[Site "https://www.chess.com"]

[Event "Titled Tuesday Blitz April 11 Early 2023"]
[White "Devaev, Alexander"]
[Black "Bacallao Alonso, Yusnel"]
[WhiteFideId "4169395"]
[BlackFideId "3507416"]
[WhiteElo "2204"]
[BlackElo "2561"]
[Result "1/2-1/2"]
[Round "01"]
[TimeControl "180+2"]
[Date "2023.04.11"]
[WhiteClock "0:00:50"]
[BlackClock "0:00:08"]

1. Nf3 d5 2. d4 e6 3. c4 a6 4. cxd5 exd5 5. Nc3 c6 6. Bf4 Bd6 7. Bg3 Nf6 8. Qc2 O-O 9. e3 Re8 10. Bd3 Bg4 11. Bh4 h6 12. Bg3 Qe7 13. Qb3 b5 14. Qc2 Nbd7 15. O-O Rac8 16. Rad1 Bxg3 17. hxg3 c5 18. dxc5 Rxc5 19. Bf5 b4 20. Bxg4 Nxg4 21. Qf5 Nxe3 22. fxe3 bxc3 23. bxc3 Nf6 24. Rd3 d4 25. Qf4 dxc3 26. Rc1 Rd8 27. Rd4 Rdc8 28. Nh4 g6 29. Nf3 Kg7 30. Ne1 Nd5 31. Qf3 Qxe3+ 32. Qxe3 Nxe3 33. Rd3 Nf5 34. Rc2 h5 35. Kf2 Rb8 36. Rdxc3 Rxc3 37. Rxc3 Rb2+ 38. Rc2 Rb4 39. Nd3 Rg4 40. Rc7 Kf6 41. Rc6+ Kg7 42. Rc7 Kf6 43. Rc6+ Ke7 44. Rc7+ Kd6 45. Rxf7 Rxg3 46. Rf6+ Ke7 47. Rxf5 Rxd3 48. Re5+ Kf6 49. Re2 Rd6 50. Kg1 Re6 51. Rf2+ Kg5 52. Rb2 Re1+ 53. Kf2 Re6 54. Rb4 Kf6 55. Rb2 Re5 56. Kg3 Rf5 57. Rb6+ Kg5 58. Rxa6 h4+ 59. Kh3 Kh5 60. Ra8 g5 61. Rh8+ Kg6 62. a4 Rc5 63. Rg8+ Kf6 64. Rf8+ Kg7 65. Rb8 Rc4 66. Rb5 Kg6 67. a5 Kh5 68. Rb8 Rc3+ 69. Kh2 Ra3 70. Rh8+ Kg4 71. Rb8 Ra2 72. Rb4+ Kh5 73. Rb5 Ra4 74. Kg1 Kg4 75. Kf2 Kf4 76. a6 Rxa6 77. Rb4+ Kf5 78. Rb5+ Kg4 79. Rb4+ Kh5 80. Rb3 Ra2+ 81. Kf3 Ra4 82. Rb8 Ra3+ 83. Kf2 Ra4 84. Rb6 Kg4 85. Rb2 Rf4+ 86. Kg1 Re4 87. Kf2 Kf4 88. Rb8 Re5 89. Rb4+ Kf5 90. g3 hxg3+ 91. Kxg3 Re3+ 92. Kg2 Re4 93. Rb3 Kf4 94. Rf3+ Kg4 95. Rg3+ Kh5 96. Rh3+ Rh4 97. Rb3 Rg4+ 98. Kh3 Rf4 99. Kg3 Ra4 100. Rc3 Rg4+ 101. Kh3 Rh4+ 102. Kg3 Rg4+ 103. Kh3 Rf4 104. Kg3 Rh4 105. Rc8 Rg4+ 106. Kh3 Rf4 107. Rh8+ Kg6 108. Ra8 Kf5 109. Ra5+ Kg6 110. Kg3 Kh5 111. Rb5 Rg4+ 112. Kh3 Rc4 113. Rb3 Rd4 114. Kg3 Kg6 115. Rb6+ Kf5 116. Rb5+ Kf6 117. Rb6+ Kf5 118. Rb5+ Kf6 119. Rb6+ Kf5 1/2-1/2


[Site "https://www.chess.com"]

[Event "Titled Tuesday Blitz April 11 Early 2023"]
[White "Gorodetzky, David"]
[Black "mohsengabr2002"]
[WhiteFideId "2813416"]
[WhiteElo "2484"]
[BlackElo "2456"]
[Result "1-0"]
[Round "01"]
[TimeControl "180+2"]
[Date "2023.04.11"]
[WhiteClock "0:00:50"]
[BlackClock "0:00:38"]

1. Nf3 d5 2. d4 c6 3. c4 Bf5 4. e3 e6 5. Nbd2 Nf6 6. b3 Nbd7 7. Bb2 Bd6 8. Be2 O-O 9. Nh4 Be4 10. O-O Ne8 11. Nxe4 dxe4 12. g3 f5 13. Ng2 g5 14. d5 cxd5 15. cxd5 e5 16. f4 exf3 17. Bxf3 e4 18. Bh5 Be5 19. Bxe5 Nxe5 20. Qd4 Qd6 21. Rac1 Ng7 22. Be2 Rad8 23. Qxa7 Qxd5 24. Rfd1 Nd3 25. Rc7 Rf7 26. Rxf7 Kxf7 27. Ne1 Ne6 28. Nxd3 exd3 29. Rxd3 Qc6 30. Rxd8 Nxd8 31. Bc4+ Kf6 32. Qd4+ Kg6 33. Qxd8 Qf3 34. Qd6+ Kg7 35. Qd4+ Kg6 36. Bf1 h5 37. a4 h4 38. gxh4 gxh4 39. Qf4 1-0


[Site "https://www.chess.com"]

[Event "Titled Tuesday Blitz April 11 Early 2023"]
[White "Petukhov, Dmitry"]
[Black "Harsh Suresh"]
[WhiteFideId "4142748"]
[BlackFideId "45018464"]
[WhiteElo "2311"]
[BlackElo "2227"]
[Result "1-0"]
[Round "01"]
[TimeControl "180+2"]
[Date "2023.04.11"]
[WhiteClock "0:00:04"]
[BlackClock "0:00:08"]

1. e4 g6 2. h4 d5 3. Nc3 dxe4 4. Nxe4 h5 5. Nf3 Bg7 6. c3 Nf6 7. Neg5 O-O 8. d4 Bg4 9. Be2 c6 10. O-O Nbd7 11. Re1 Qc7 12. Qb3 Rae8 13. g3 Nd5 14. a3 e5 15. c4 N5b6 16. dxe5 Nxe5 17. Bf4 Nbd7 18. Rad1 Qa5 19. Nxe5 Nxe5 20. Bxe5 Rxe5 21. f3 Rfe8 22. fxg4 Rxe2 23. Rxe2 Rxe2 24. Qf3 Qb6+ 25. Kf1 Re7 26. gxh5 gxh5 27. Qxh5 Bxb2 28. Qg4 Bg7 29. h5 Qa5 30. h6 f5 31. Qh5 Bf6 32. Qg6+ Bg7 33. hxg7 Rxg7 34. Qe8# 1-0


[Site "https://www.chess.com"]

[Event "Titled Tuesday Blitz April 11 Early 2023"]
[White "Flores, Diego"]
[Black "Huber, Benedikt"]
[WhiteFideId "108049"]
[BlackFideId "12923583"]
[WhiteElo "2613"]
[BlackElo "2199"]
[Result "1-0"]
[Round "01"]
[TimeControl "180+2"]
[Date "2023.04.11"]
[WhiteClock "0:00:10"]
[BlackClock "0:00:09"]

1. d4 e6 2. Nf3 f5 3. Bg5 Be7 4. h4 Nf6 5. Nbd2 O-O 6. c3 b6 7. Bxf6 Bxf6 8. e4 fxe4 9. Nxe4 Bb7 10. Bd3 Bxe4 11. Bxe4 Nc6 12. Qe2 d5 13. Bc2 e5 14. dxe5 Nxe5 15. Nxe5 Bxe5 16. O-O-O Qf6 17. Rxd5 Bf4+ 18. Kb1 c6 19. Rf5 Qd6 20. Rd1 Qc7 21. Qe6+ Kh8 22. Rd7 Qc8 23. Qe7 Bh6 24. g4 Re8 25. Qf7 Re1+ 26. Rd1 Rxd1+ 27. Bxd1 Qd8 28. Bc2 Qe8 29. Qxe8+ Rxe8 30. a3 Re1+ 31. Ka2 g6 32. Rf7 a5 33. g5 Bg7 34. Rc7 Be5 35. Rxc6 Re2 36. Bb3 b5 37. Rc8+ Kg7 38. Rg8# 1-0


[Site "https://www.chess.com"]

[Event "Titled Tuesday Blitz April 11 Early 2023"]
[White "Zacurdajev, Dmitry"]
[Black "Urazayev, Arystanbek"]
[WhiteFideId "4196309"]
[BlackFideId "13709810"]
[WhiteElo "2189"]
[BlackElo "2449"]
[Result "0-1"]
[Round "01"]
[TimeControl "180+2"]
[Date "2023.04.11"]
[WhiteClock "0:00:17"]
[BlackClock "0:00:48"]

1. d4 Nf6 2. c4 e6 3. Nc3 Bb4 4. Qc2 d5 5. a3 Bxc3+ 6. Qxc3 dxc4 7. Qxc4 b6 8. Bg5 Ba6 9. Qc3 O-O 10. e3 Bxf1 11. Kxf1 Nbd7 12. Nf3 c5 13. Rd1 Qc8 14. h4 h6 15. Bf4 Nd5 16. Qd3 Nxf4 17. exf4 c4 18. Qc2 Nf6 19. Rh3 b5 20. Ne5 Nd5 21. Qe4 c3 22. Rg3 cxb2 23. Ng4 Kh8 24. Nxh6 Qc1 25. Qe1 Rac8 26. Rgd3 b1=Q 0-1


[Site "https://www.chess.com"]

[Event "Titled Tuesday Blitz April 11 Early 2023"]
[White "Goltsev, Dmitry"]
[Black "Khandelwal, Ankush"]
[WhiteFideId "24176710"]
[BlackFideId "413470"]
[WhiteElo "2336"]
[BlackElo "2263"]
[Result "1-0"]
[Round "01"]
[TimeControl "180+2"]
[Date "2023.04.11"]
[WhiteClock "0:02:22"]
[BlackClock "0:00:13"]

1. e4 c5 2. Nf3 d6 3. d4 cxd4 4. Nxd4 Nf6 5. Nc3 a6 6. Be2 e5 7. Nb3 Be7 8. O-O O-O 9. Be3 Be6 10. f4 exf4 11. Bxf4 Nc6 12. Kh1 d5 13. exd5 Nxd5 14. Nxd5 Qxd5 15. c3 Rad8 16. Bf3 Qc4 17. Qc1 Bf6 18. Qe3 Rfe8 19. Rfd1 Bf5 20. Rxd8 Rxd8 21. Re1 h6 22. Nc5 Qb5 23. b4 a5 24. a4 Qc4 25. Nxb7 Ra8 26. Nd6 Qxc3 27. Nxf5 1-0


[Site "https://www.chess.com"]

[Event "Titled Tuesday Blitz April 11 Early 2023"]
[White "Hadzimanolis, Antonios"]
[Black "Galchenko, Matvey"]
[WhiteFideId "4202813"]
[BlackFideId "24175480"]
[WhiteElo "2242"]
[BlackElo "2423"]
[Result "0-1"]
[Round "01"]
[TimeControl "180+2"]
[Date "2023.04.11"]
[WhiteClock "0:00:26"]
[BlackClock "0:00:32"]

1. e4 e6 2. d4 d5 3. exd5 exd5 4. c4 Nf6 5. Nc3 Bb4 6. Bd3 O-O 7. Ne2 dxc4 8. Bxc4 Nbd7 9. O-O Nb6 10. Bb3 h6 11. Nf4 c6 12. a3 Bd6 13. Re1 Re8 14. Rxe8+ Qxe8 15. Be3 Bf5 16. Nh5 Ng4 17. Qf3 Qd7 18. h3 Nxe3 19. fxe3 Re8 20. Rf1 Bg6 21. Nf4 Bxf4 22. Qxf4 Nd5 23. Nxd5 cxd5 24. Rc1 Qb5 25. Bd1 Qxb2 26. Rc7 Qa1 27. Qf3 Qxa3 28. Qxd5 Qxe3+ 29. Kh1 Qg3 0-1


[Site "https://www.chess.com"]

[Event "Titled Tuesday Blitz April 11 Early 2023"]
[White "Mahdavi, Reza"]
[Black "Pniaczek, Marek"]
[WhiteFideId "12595926"]
[BlackFideId "21800421"]
[WhiteElo "2357"]
[BlackElo "2138"]
[Result "1-0"]
[Round "01"]
[TimeControl "180+2"]
[Date "2023.04.11"]
[WhiteClock "0:00:47"]
[BlackClock "0:00:19"]

1. Nf3 d5 2. g3 Nf6 3. Bg2 Bf5 4. c4 c6 5. cxd5 cxd5 6. Qb3 Qb6 7. Qxb6 axb6 8. Nc3 Nc6 9. d3 e5 10. Bg5 d4 11. Nb5 Bb4+ 12. Nd2 Kd7 13. O-O Rhc8 14. a3 Bxd2 15. Bxd2 Be6 16. f4 e4 17. Rfc1 exd3 18. exd3 Bf5 19. Bxc6+ bxc6 20. Nxd4 Bxd3 21. Bc3 Be4 22. Rd1 Nd5 23. Ne2 g6 24. Rd2 f5 25. Kf2 c5 26. Be5 Ke6 27. Re1 Nf6 28. Rd6+ Ke7 29. Rxf6 Rd8 30. Rxb6 Rd3 31. Nc3 Rf3+ 32. Kg1 1-0


[Site "https://www.chess.com"]

[Event "Titled Tuesday Blitz April 11 Early 2023"]
[White "Bochnicka, Vladimir"]
[Black "Acor, Corey"]
[WhiteFideId "14943450"]
[BlackFideId "2024861"]
[WhiteElo "2094"]
[BlackElo "2341"]
[Result "0-1"]
[Round "01"]
[TimeControl "180+2"]
[Date "2023.04.11"]
[WhiteClock "0:00:08"]
[BlackClock "0:00:09"]

1. e4 e5 2. Nf3 Nc6 3. Bc4 Bc5 4. c3 Nf6 5. d3 O-O 6. Nbd2 d5 7. exd5 Nxd5 8. Ne4 Bb6 9. O-O f6 10. Re1 Kh8 11. Ng3 Be6 12. d4 Nxc3 13. Qd3 Bxc4 14. Qxc4 Nd5 15. dxe5 Nxe5 16. Qb3 Ng4 17. Rf1 Qd6 18. Ne4 Qe6 19. Ng3 Rad8 20. Bd2 Ne5 21. Nh4 f5 22. Rae1 f4 23. Ne4 Qg4 24. Nf3 Nxf3+ 25. Qxf3 Qxf3 26. gxf3 Bd4 27. b3 Kg8 28. Kh1 Rfe8 29. Rc1 c6 30. Rg1 h6 31. Rg4 Rf8 32. Rcg1 Rd7 33. Bc1 Kh7 34. Ba3 Rf5 35. Bc5 Bxc5 36. Nxc5 Re7 37. Ne4 Nf6 38. Nxf6+ Rxf6 39. Rd1 Rff7 40. Rgg1 Re2 41. Kg2 Rxa2 42. Rd4 Rb2 43. Rb4 b6 44. Rc1 c5 45. Rb5 Rd7 46. Kh3 Rxf2 47. Kg4 Rd4 48. h3 Rg2+ 49. Kf5 Rg3 50. Ra1 Rd7 51. Ke4 Rxh3 52. Kxf4 Rf7+ 53. Ke4 Rhxf3 54. Rd1 R3f4+ 55. Ke3 R4f6 56. b4 Re7+ 57. Kd2 Rd6+ 58. Kc1 Rxd1+ 59. Kxd1 cxb4 60. Rxb4 Rb7 61. Rf4 b5 62. Kc2 b4 63. Kb3 h5 64. Rf5 Kg6 65. Rf2 h4 66. Rh2 Kh5 67. Rg2 g5 0-1


[Site "https://www.chess.com"]

[Event "Titled Tuesday Blitz April 11 Early 2023"]
[White "Molina, Roberto Junio Brito"]
[Black "Leyva Rivera, Yunier"]
[WhiteFideId "2109450"]
[BlackFideId "3505065"]
[WhiteElo "2376"]
[BlackElo "2430"]
[Result "1-0"]
[Round "01"]
[TimeControl "180+2"]
[Date "2023.04.11"]
[WhiteClock "0:00:36"]
[BlackClock "0:00:16"]

1. d4 Nf6 2. Nf3 e6 3. e3 b6 4. Bd3 Bb7 5. Qe2 c5 6. c3 cxd4 7. exd4 Be7 8. O-O O-O 9. Bf4 d6 10. h3 Nbd7 11. Nbd2 a6 12. a4 Re8 13. Bh2 Bf8 14. Rfe1 h6 15. Ne4 Nxe4 16. Bxe4 Bxe4 17. Qxe4 Nf6 18. Qd3 d5 19. Ne5 Bd6 20. Re2 Qc7 21. Nf3 Bxh2+ 22. Nxh2 Ne4 23. Nf3 Qb7 24. Ne5 b5 25. f3 Nd6 26. Qc2 b4 27. Nd3 bxc3 28. bxc3 Reb8 29. Nc5 Qc6 30. Qa2 Nb7 31. Nxb7 Rxb7 32. Rc2 Rab8 33. c4 dxc4 34. Qxc4 Qd7 35. Rd1 Rb4 36. Qxa6 Rxa4 37. Qc6 Qa7 38. Qc5 Rd8 39. Qxa7 Rxa7 40. Rc4 e5 41. Kf2 Ra2+ 42. Kf1 Rb8 43. dxe5 Rbb2 44. Rg4 Rf2+ 45. Kg1 Rfe2 46. Rd8+ Kh7 47. Rd7 h5 48. Rg5 Kh6 49. h4 f6 50. exf6 gxf6 51. Rd6 1-0


[Site "https://www.chess.com"]

[Event "Titled Tuesday Blitz April 11 Early 2023"]
[White "Rafiee, Makan"]
[Black "Mikhailovsky, Vladimir"]
[WhiteFideId "24609340"]
[BlackFideId "34105414"]
[WhiteElo "2327"]
[BlackElo "2275"]
[Result "1-0"]
[Round "01"]
[TimeControl "180+2"]
[Date "2023.04.11"]
[WhiteClock "0:00:30"]
[BlackClock "0:00:47"]

1. e4 Nf6 2. e5 Nd5 3. c4 Nb6 4. d4 d6 5. exd6 exd6 6. Nc3 Be7 7. h3 Bf5 8. Nf3 O-O 9. Be2 Nc6 10. O-O Re8 11. b3 Bf6 12. Bb2 d5 13. c5 Nc8 14. a3 a5 15. Bb5 N8e7 16. Re1 Ng6 17. Rxe8+ Qxe8 18. Nxd5 Qd8 19. Nxf6+ Qxf6 20. Qd2 Bxh3 21. d5 Qf5 22. dxc6 Bxg2 23. Qd4 f6 24. Kxg2 Nf4+ 25. Kg3 Ne2+ 26. Bxe2 Re8 27. cxb7 h5 28. Bc4+ Kh8 29. Re1 Rb8 30. Qe4 Qxc5 31. Qe8+ Rxe8 32. Rxe8+ Kh7 33. b8=Q Qd6+ 34. Kg2 1-0


[Site "https://www.chess.com"]

[Event "Titled Tuesday Blitz April 11 Early 2023"]
[White "Samunenkov, Ihor"]
[Black "Ramirez Vido, Robert Yorisan"]
[WhiteFideId "14187086"]
[BlackFideId "3513823"]
[WhiteElo "2457"]
[BlackElo "2440"]
[Result "1-0"]
[Round "01"]
[TimeControl "180+2"]
[Date "2023.04.11"]
[WhiteClock "0:00:10"]
[BlackClock "0:00:02"]

1. d4 g6 2. c4 Nf6 3. Nc3 Bg7 4. e4 d6 5. h3 O-O 6. Be3 e5 7. d5 a5 8. g4 c6 9. Nge2 Na6 10. Ng3 Nc5 11. Qd2 a4 12. f3 Qa5 13. h4 Bd7 14. h5 cxd5 15. cxd5 b5 16. h6 Bh8 17. Be2 b4 18. Nd1 Rfc8 19. Nf2 Bb5 20. O-O b3 21. Qxa5 Rxa5 22. Bxb5 Rxb5 23. a3 Rb7 24. Rac1 Rbc7 25. Rc4 Nfd7 26. Rfc1 Bf6 27. Nd3 Nb6 28. R4c3 Nxd3 29. Rxc7 Nxc1 30. Rxc8+ Nxc8 31. Bxc1 Kf8 32. Ne2 Nb6 33. Nc3 Bd8 34. Kf2 Ke8 35. Be3 Nc4 36. Nxa4 Bh4+ 37. Ke2 Nxe3 38. Kxe3 Bg5+ 39. Kd3 Bxh6 40. Nb6 Bc1 41. Nc4 Kd7 42. a4 h5 43. gxh5 gxh5 44. Ke2 h4 45. Kf2 Bf4 46. Kg2 Kc7 47. Kh3 Bg5 48. Kg4 f6 49. Na5 Bc1 50. Nxb3 Bxb2 51. Kxh4 Kb6 52. Kg4 Bc1 53. Kf5 Bg5 54. Ke6 Kc7 55. Na5 Bd2 56. Nc4 Bc3 57. Kxf6 Bb4 58. Ke6 Bc5 59. a5 Bb4 60. a6 Kb8 61. Nxd6 Bxd6 62. Kxd6 1-0


[Site "https://www.chess.com"]

[Event "Titled Tuesday Blitz April 11 Early 2023"]
[White "Kukreja, Sankalp"]
[Black "Srihari L R"]
[WhiteFideId "45027676"]
[BlackFideId "46617116"]
[WhiteElo "2126"]
[BlackElo "2334"]
[Result "0-1"]
[Round "01"]
[TimeControl "180+2"]
[Date "2023.04.11"]
[WhiteClock "0:00:14"]
[BlackClock "0:01:59"]

1. e4 g6 2. d4 Bg7 3. Nf3 d6 4. Bc4 Nf6 5. Qe2 O-O 6. O-O c6 7. h3 d5 8. exd5 cxd5 9. Bd3 Nc6 10. c3 Bf5 11. Bxf5 gxf5 12. Bf4 e6 13. Nbd2 Ne4 14. Nxe4 fxe4 15. Nd2 Kh8 16. f3 f5 17. fxe4 dxe4 18. Nc4 Rc8 19. Ne3 Qe8 20. Rad1 Ne7 21. Kh1 Ng6 22. Bh2 f4 23. Ng4 Qc6 24. Ne5 Bxe5 25. dxe5 f3 26. gxf3 exf3 27. Qf2 Rf7 28. Rd4 Rcf8 29. Rfd1 Qa6 30. h4 Qe2 31. Bg3 Qxf2 32. Bxf2 Nxe5 33. Re1 Nc6 34. Ra4 e5 35. b4 a6 36. c4 Rf4 37. b5 axb5 0-1


[Site "https://www.chess.com"]

[Event "Titled Tuesday Blitz April 11 Early 2023"]
[White "Erdogdu, Mert"]
[Black "Gonzalez, Francisco Silva"]
[WhiteFideId "6301495"]
[BlackFideId "1512285"]
[WhiteElo "2407"]
[BlackElo "2074"]
[Result "1-0"]
[Round "01"]
[TimeControl "180+2"]
[Date "2023.04.11"]
[WhiteClock "0:01:17"]
[BlackClock "0:01:27"]

1. e4 e5 2. Nf3 Nc6 3. Bc4 Bc5 4. O-O Nf6 5. d3 d6 6. c3 a6 7. a4 Ba7 8. Re1 h6 9. Nbd2 Ne7 10. Nf1 Ng6 11. Ng3 O-O 12. h3 Re8 13. b4 Be6 14. Bxe6 Rxe6 15. c4 c6 16. Qc2 Kh7 17. Bb2 Nf4 18. d4 Qc7 19. c5 exd4 20. Nxd4 Ree8 21. e5+ Ng6 22. exf6 dxc5 23. bxc5 Re5 24. Rxe5 Qxe5 25. Nb3 Qg5 26. fxg7 Rd8 27. Ne4 Qf4 28. Nf6+ Kxg7 29. Nh5+ Kf8 30. Nxf4 Nxf4 31. Rd1 Re8 32. Qh7 Ng6 33. Bf6 Rc8 34. Re1 Ne7 35. Rxe7 Bxc5 36. Qxf7# 1-0


[Site "https://www.chess.com"]

[Event "Titled Tuesday Blitz April 11 Early 2023"]
[White "Chernov, Mikhail"]
[Black "Hambleton, Aman"]
[WhiteFideId "24143170"]
[BlackFideId "2606577"]
[WhiteElo "2113"]
[BlackElo "2511"]
[Result "1-0"]
[Round "01"]
[TimeControl "180+2"]
[Date "2023.04.11"]
[WhiteClock "0:00:13"]
[BlackClock "0:00:01"]

1. d4 Nf6 2. Nc3 d5 3. Bf4 a6 4. e3 e6 5. g4 Bd6 6. g5 Nfd7 7. Qf3 Qe7 8. O-O-O Bxf4 9. Qxf4 c5 10. dxc5 Nxc5 11. Nf3 O-O 12. h4 Nc6 13. h5 f6 14. Qg3 f5 15. h6 Ne4 16. Nxe4 fxe4 17. Ne5 Nxe5 18. Qxe5 Rf5 19. Qd4 Rxg5 20. Bh3 gxh6 21. Rhg1 Bd7 22. Rxg5+ hxg5 23. Rg1 Rf8 24. Qe5 h6 25. c4 dxc4 26. Qxe4 Kg7 27. Kb1 Bc6 28. Qxc4 Rf7 29. Qd4+ Qf6 30. Qc5 Qxf2 31. Rc1 Be4+ 32. Ka1 Qd2 33. Bxe6 Rf6 34. Qe7+ Kg6 35. Qe8+ Kg7 36. Rc7+ Rf7 37. Qxf7+ Kh8 38. Qg7# 1-0


[Site "https://www.chess.com"]